 Dungeon Crawl Stone Soup version 0.30-a0-939-gc8157cb160 (webtiles) character file.

Game seed: 3600613427826525719

11494 serber55 the Frost Mage (level 11, -7/86 HPs)
             Began as a Merfolk Ice Elementalist on Mar 26, 2023.
             Was a Believer of the Shining One.
             Mangled by a death yak simulacrum (38 damage)
             ... in an ice cave.
             The game lasted 00:45:54 (10945 turns).

serber55 the Frost Mage (Merfolk Ice Elementalist) Turns: 10945, Time: 00:45:55

Health: -7/86      AC: 10    Str: 11    XL:     11   Next: 78%
Magic:  21/21      EV: 16    Int: 19    God:    the Shining One [**....]
Gold:   639        SH:  8    Dex: 16    Spells: 12/24 levels left

rFire   . . .      SeeInvis .    n - +4 trident (venom)
rCold   . . .      Faith    .    e - +3 warlock's mirror {omnireflect}
rNeg    + + .      Spirit   .    a - +0 robe
rPois   .          Reflect  +    m - +2 helmet
rElec   .          Rampage  .    D - +1 cloak
rCorr   .                        (no gloves)
Will    .....                    F - +2 pair of boots
Stlth   ++                       C - amulet of magic regeneration
HPRegen 0.34/turn                B - ring "Weedemm" {rN+ Str+2 Dex+2 Stlth+}
MPRegen 0.57/turn                i - ring of wizardry

@: glowing
A: (nimble swimmer 2), mertail
a: Renounce Religion, Divine Shield


You were in an ice cave.
You worshipped the Shining One.
The Shining One was pleased with you.
You visited 3 branches of the dungeon, and saw 14 of its levels.
You also visited: Ice Cave.

You collected 814 gold pieces.
You spent 175 gold pieces at shops.

Inventory:

Hand Weapons
 n - a +4 trident of venom (weapon)
Missiles
 b - 50 poisoned darts (quivered)
Armour
 a - a +0 robe (worn)
 e - the +3 warlock's mirror (worn) {omnireflect}
   (You acquired it on level 4 of the Dungeon)

   Omnireflect: It can block and reflect piercing ranged attacks and magical
   attacks against the wielder's willpower.
 m - a +2 helmet (worn)
 p - a +1 leather armour of cold resistance
 D - a +1 cloak (worn)
 F - a +2 pair of boots (worn)
Jewellery
 g - a ring of willpower
 i - a ring of wizardry (right hand)
 k - a ring of protection from fire
 s - an amulet of reflection
 u - a ring of resist corrosion
 A - a ring of flight
 B - the ring "Weedemm" (left hand) {rN+ Str+2 Dex+2 Stlth+}
   (You acquired it on level 8 of the Dungeon)

   [ring of positive energy]

   Str:       It affects your strength (+2).
   Dex:       It affects your dexterity (+2).
   rN:        It protects you from negative energy.
   Stlth:     It makes you more stealthy.
 C - an amulet of magic regeneration (around neck)
 J - a ring of protection from fire
Wands
 j - a wand of charming (13)
 r - a wand of acid (20)
 x - a wand of flame (4)
 y - a wand of roots (22)
 G - a wand of digging (1)
Scrolls
 c - 4 scrolls of fog
 h - a scroll of silence
 l - 2 scrolls of poison
 q - 2 scrolls of vulnerability
 t - 5 scrolls of teleportation
 H - 2 scrolls of blinking
 I - 4 scrolls of amnesia
Potions
 d - a potion of cancellation
 f - 5 potions of curing
 o - 2 potions of haste
 w - a potion of magic
 z - a potion of might
 E - a potion of ambrosia


   Skills:
 + Level 7.9 Fighting
 + Level 9.2 Polearms
 + Level 8.9 Dodging
 - Level 2.1 Stealth
 - Level 5.0 Shields
 + Level 7.1 Spellcasting
 * Level 12.4 Ice Magic


You had 12 spell levels left.
You knew the following spells:

 Your Spells              Type           Power      Damage    Failure   Level
a - Freeze                Ice            100%       1d10      1%          1
b - Frozen Ramparts       Ice            100%       1d16      1%          3
c - Ozocubu's Armour      Ice            52%        N/A       1%          3
d - Summon Ice Beast      Ice/Summ       30%        N/A       4%          4
e - Magic Dart            Conj           24%        1d4       5%          1

Your spell library contained the following spells:

 Spells                   Type           Power      Damage    Failure   Level
 Shock                    Conj/Air       24%        1d4       5%          1
 Sting                    Tmut/Pois      24%        1d4       5%          1
 Call Imp                 Summ           6%         N/A       8%          2
 Lesser Beckoning         Tloc           12%        N/A       8%          2
 Gell's Gravitas          Tloc           6%         N/A       16%         3
 Ignite Poison            Fire/Tmut/Pois 6%         N/A       16%         3
 Mephitic Cloud           Conj/Pois/Air  6%         N/A       16%         3
 Swiftness                Air            6%         N/A       16%         3
 Teleport Other           Tloc           6%         N/A       16%         3
 Airstrike                Air            3%         2d(1-17)  43%         4
 Sticky Flame             Conj/Fire      6%         2d3       43%         4
 Summon Lightning Spire   Summ/Air       6%         N/A       43%         4
 Ignition                 Fire           3%         3d4       100%        8


Dungeon Overview and Level Annotations

Branches:
Dungeon (11/15)            Temple (1/1) D:5            Lair (0/5) D:11
    Orc (2/2) D:11          IceCv (1/1)
    Elf: Orc:2

Altars:
Ashenzari
Cheibriados
Dithmenos
Elyvilon
Fedhas
Gozag
Hepliaklqana
Kikubaaqudgha
Makhleb
Nemelex Xobeh
Okawaru
Qazlal
Ru
Sif Muna
Trog
Uskayaw
Vehumet
Wu Jian
Xom
Yredelemnul
Zin
The Shining One

Shops:
D:9 *


Innate Abilities, Weirdness & Mutations

((You are very nimble when in or above water. (Stealth+, EV+, Speed+++)))
Your lower body shifts to a powerful aquatic tail in water.


Message History

Your ice beast hits the cane toad simulacrum but does no damage.
Unknown command.
You reach to attack!
You hit the cane toad simulacrum.
The cane toad simulacrum is severely damaged.
Your ice beast hits the cane toad simulacrum but does no damage.
The cane toad simulacrum hits your ice beast.
The cane toad simulacrum freezes your ice beast.
Your ice beast completely resists.
Unknown command.
You reach to attack!
You completely miss the cane toad simulacrum.
The cane toad simulacrum is severely damaged.
The cane toad simulacrum barely misses your ice beast.
Your ice beast hits the cane toad simulacrum but does no damage.
The death yak simulacrum gores your ice beast but does no damage.
Unknown command.
You reach to attack!
You hit the cane toad simulacrum.
The cane toad simulacrum is severely damaged.
Your ice beast hits the cane toad simulacrum but does no damage.
The cane toad simulacrum hits your ice beast.
Your ice beast dies!
Your ice beast disappears in a puff of smoke!
Unknown command.
You reach to attack!
You hit the cane toad simulacrum but do no damage.
The cane toad simulacrum is severely damaged.
Unknown command.
You puncture the cane toad simulacrum!
The cane toad simulacrum vaporises!
The Shining One accepts your kill.
You feel better. The death yak simulacrum gores you!
The death yak simulacrum freezes you!!
Unknown command.
You are too injured to fight recklessly!
Unknown command.
You are too injured to fight recklessly!
You hit the death yak simulacrum.
The death yak simulacrum is lightly damaged.
The death yak simulacrum gores you! The death yak simulacrum freezes you!!!
You die...

##..
##...
#...#
...##
#...#
##...##
##.....##
#...Z○..#
#...@...#
##..∩..##
##...##
#####


You could see a death yak simulacrum.

Vanquished Creatures
  A two-headed ogre (D:8)
  Urug (D:11)
  The ghost of bearlyready the Cleaver, a novice AtBe of Trog (D:8)
  An orc knight (Orc:2)
  Pikel (D:6)
  A cyclops (D:11)
  2 rime drakes (Orc:2)
  3 trolls
  2 wyverns
  13 yaks
  3 steam dragons
  An acid dragon (D:9)
  Duvessa (D:5)
  Edmund (D:4)
  A water moccasin (D:7)
  2 black bears
  10 orc warriors
  An ice beast (D:7)
  3 centaurs
  5 ogres
  4 lemures
  3 kobold brigands (D:11)
  A phantom (D:7)
  A gnoll sergeant (D:11)
  A cane toad simulacrum (IceCv)
  Dowan (D:5)
  7 howler monkeys
  3 orc priests
  2 jellies (D:8)
  A gnoll bouda (D:10)
  2 hounds (D:5)
  3 sleepcaps
  4 iguanas
  12 orc wizards
  Natasha (D:2)
  2 wolf simulacra (IceCv)
  8 gnolls
  7 adders
  A shadow imp (D:6)
  A white imp (D:6)
  2 worms (D:3)
  4 dart slugs
  56 orcs
  5 bats
  9 endoplasms
  A giant cockroach (D:4)
  7 goblins
  6 hobgoblins
  5 jackals
  4 quokkas
  6 ball pythons
  3 frilled lizards
  14 kobolds
  3 rats (D:3)
244 creatures vanquished.

Vanquished Creatures (collateral kills)
  A hornet (D:7)
  A yak (D:7)
  An orc warrior (D:11)
  A centaur (D:8)
  3 kobold brigands
  A howler monkey (D:9)
  A gnoll (D:6)
  3 kobolds
12 creatures vanquished.

Vanquished Creatures (others)
  An orc (Orc:2)
1 creature vanquished.

Grand Total: 257 creatures vanquished

Notes
Turn   | Place    | Note
-------+----------+-------------------------------------------
     0 | D:1      | serber55 the Merfolk Ice Elementalist began the quest for
                  | the Orb.
     0 | D:1      | Reached XP level 1. HP: 13/13 MP: 3/3
   132 | D:1      | Reached XP level 2. HP: 19/20 MP: 1/5
   687 | D:1      | Reached skill level 1 in Fighting
   841 | D:1      | Reached XP level 3. HP: 24/26 MP: 6/6
  1213 | D:2      | Learned a level 3 spell: Frozen Ramparts
  1755 | D:2      | Noticed Natasha
  1917 | D:2      | Killed Natasha
  1918 | D:2      | Reached skill level 5 in Ice Magic
  1918 | D:2      | Reached XP level 4. HP: 18/32 MP: 3/7
  2342 | D:2      | Learned a level 3 spell: Ozocubu's Armour
  2884 | D:3      | Reached skill level 1 in Polearms
  2884 | D:3      | Reached XP level 5. HP: 38/38 MP: 1/9
  3524 | D:4      | Noticed Edmund
  3524 | D:4      | Found an opulent altar of Gozag.
  3559 | D:4      | Identified a scroll of acquirement
  3560 | D:4      | Acquired the +3 warlock's mirror {omnireflect}
  3560 | D:4      | Found the +3 warlock's mirror {omnireflect}
  3695 | D:4      | Reached XP level 6. HP: 36/44 MP: 1/10
  3891 | D:4      | Reached skill level 1 in Shields
  3979 | D:4      | Found an opulent altar of Gozag.
  4011 | D:4      | Found an opulent altar of Gozag.
  4014 | D:4      | Found an opulent altar of Gozag.
  4078 | D:4      | Killed Edmund
  4079 | D:4      | Reached skill level 6 in Ice Magic
  4493 | D:5      | Entered Level 5 of the Dungeon
  4493 | D:5      | Noticed Duvessa
  4493 | D:5      | Noticed Dowan
  4495 | D:5      | Killed Dowan
  4595 | D:5      | Found a staircase to the Ecumenical Temple.
  4606 | Temple   | Entered the Ecumenical Temple
  4744 | Temple   | Became a worshipper of the Shining One
  4906 | D:5      | Reached XP level 7. HP: 50/51 MP: 4/11
  4938 | D:5      | Killed Duvessa
  5429 | D:6      | Noticed Pikel
  5503 | D:5      | Learned a level 4 spell: Summon Ice Beast
  5641 | D:6      | Killed Pikel
  5642 | D:6      | Reached skill level 7 in Ice Magic
  5642 | D:6      | Reached XP level 8. HP: 38/60 MP: 1/13
  6269 | D:6      | Got the Teachings on Voltaic Blight
  6321 | D:6      | Found an iron altar of Okawaru.
  6321 | D:6      | Found a bloodstained altar of Trog.
  6691 | D:7      | Noticed a wyvern
  6698 | D:7      | Killed a wyvern
  6699 | D:7      | Reached skill level 8 in Ice Magic
  6765 | D:7      | Noticed a hornet
  6771 | D:7      | Killed a hornet
  6772 | D:7      | Reached skill level 5 in Polearms
  6772 | D:7      | Reached skill level 5 in Shields
  6772 | D:7      | Reached XP level 9. HP: 57/66 MP: 5/15
  6873 | D:7      | Reached skill level 5 in Fighting
  6873 | D:7      | Reached skill level 9 in Ice Magic
  7170 | D:7      | Reached skill level 5 in Dodging
  7487 | D:7      | Reached skill level 5 in Spellcasting
  7613 | D:8      | Noticed a two-headed ogre
  7622 | D:8      | Killed a two-headed ogre
  7623 | D:8      | Reached XP level 10. HP: 40/76 MP: 16/18
  7822 | D:8      | Reached skill level 10 in Ice Magic
  7830 | D:8      | Found a runed translucent gate.
  7833 | D:8      | Found a runed translucent gate.
  7840 | D:8      | Noticed bearlyready's ghost (novice AtBe)
  7841 | D:8      | Found a runed translucent gate.
  7993 | D:8      | Acquired the ring "Weedemm" {rN+ Str+2 Dex+2 Stlth+}
  8057 | D:8      | Found a blossoming altar of Fedhas.
  8435 | D:8      | Killed bearlyready's ghost
  8615 | D:9      | Found a broken altar of Ashenzari.
  8922 | D:9      | Found a snail-covered altar of Cheibriados.
  9096 | D:9      | Found Wyseekarr's Island Escapes.
  9104 | D:9      | Bought a wand of digging (1) for 63 gold pieces
  9104 | D:9      | Bought a scroll of blinking for 112 gold pieces
  9188 | D:9      | Reached skill level 11 in Ice Magic
  9225 | D:9      | Found a radiant altar of Vehumet.
  9321 | D:10     | Entered Level 10 of the Dungeon
  9516 | D:10     | Reached * piety under the Shining One
  9572 | D:10     | Reached XP level 11. HP: 73/83 MP: 18/20
  9862 | D:11     | Found a staircase to the Orcish Mines.
  9966 | D:11     | Noticed a cyclops
  9971 | D:11     | Noticed Urug
  9979 | D:11     | Killed a cyclops
  9982 | D:11     | Killed Urug
 10153 | D:11     | Learned a level 1 spell: Magic Dart
 10254 | D:11     | Reached skill level 12 in Ice Magic
 10379 | D:11     | Found a staircase to the Lair.
 10493 | Orc:1    | Entered Level 1 of the Orcish Mines
 10755 | Orc:2    | Entered Level 2 of the Orcish Mines
 10784 | Orc:2    | Noticed an orc knight
 10798 | Orc:2    | Killed an orc knight
 10924 | Orc:2    | Found a frozen archway.
 10934 | IceCv    | Entered an ice cave
 10934 | IceCv    | Reached ** piety under the Shining One
 10945 | IceCv    | Mangled by a death yak simulacrum

Illustrated notes

Levels and vault maps discovered:
D:1:      minmay_arrival_cross, layout_basic
D:2:      layout_basic, uniq_natasha
D:3:      layout_loops_ring, minmay_misc_feat_roman, kennysheep_generic_room_7
D:4:      layout_basic, nicolae_gozag_conspicuous_consumption,
          roderic_lattice_a, uniq_edmund
D:5:      layout_rooms, minmay_temple_entry_stoned_glass, uniq_duvessa
D:6:      layout_cave_pools, grunt_temple_overflow_bloody_war, uniq_pikel
D:7:      layout_basic
D:8:      layout_cave_pools, fedhas_altar_2, ebering_ghost_rock_garden
D:9:      layout_irregular_city, mainiacjoe_overflow_alcove_1,
          kennysheep_slug_shrine, evilmike_ruin_ashenzari,
          nicolae_island_escapes
D:10:     layout_rooms
D:11:     layout_roguey, lair_entry_dummy,
          kennysheep_orc_monster_closet_entryway, amcnicky_mini_pool_small,
          uniq_urug
Temple:   regret_index_temple_waves
Orc:1:    layout_caves
Orc:2:    pf_orc_diabolical, layout_caves, portal_ice_cave_rime, basic_altar
IceCv:    ice_cave_small_necro

Skill      XL: |  1  2  3  4  5  6  7  8  9 10 11 |
---------------+----------------------------------+-----
Dodging        | 3 4 6 7 8 |  8.9
Fighting       | 1 2 3 4 5 6 7 |  7.9
Ice Magic      | 5 6 7 8 9 11 12 | 12.4
Polearms       | 1 2 4 5 6 8 9 |  9.2
Shields        | 2 3 5 |  5.0
Spellcasting   | 3 4 5 6 7 |  7.1
Stealth        | |  2.1

Action                     |  1- 3 |  4- 6 |  7- 9 | 10-12 || total
---------------------------+-------+-------+-------+-------++-------
  Melee: Dagger            |    44 |     9 |       |       ||    53
         Trident           |       |    76 |   152 |   231 ||   459
  Throw: Stone             |       |     2 |       |       ||     2
         Dart              |       |       |     3 |     7 ||    10
   Cast: Freeze            |    35 |     6 |     2 |       ||    43
         Frozen Ramparts   |     3 |    23 |    27 |    35 ||    88
         Ozocubu's Armour  |       |    13 |    18 |    25 ||    56
         Summon Ice Beast  |       |       |     8 |    10 ||    18
  Evoke: Wand              |       |     3 |     2 |     1 ||     6
    Use: Potion            |     2 |     3 |     1 |     3 ||     9
         Scroll            |       |    10 |     7 |    11 ||    28
   Stab: Sleeping          |     6 |     6 |       |       ||    12
 Armour: Robe              |     7 |    12 |    30 |    43 ||    92
  Dodge: Dodged            |    42 |    28 |    47 |    78 ||   195
  Block: Buckler           |       |    22 |    74 |    55 ||   151
         Reflection        |       |     3 |     7 |    15 ||    25

Table legend: (Time is in decaauts)
 A = Elapsed time spent in this place.
 B = Non-inter-level travel time spent in this place.
 C = Inter-level travel time spent in this place.
 D = Time resting spent in this place.
 E = Time spent auto-exploring this place.
 F = Levels seen in this place.
 G = Mean time per level.
                   A        B        C        D        E       F      G
               +--------+--------+--------+--------+--------+-----+--------+
         Total |  10932 |  10478 |    454 |   1771 |   6680 |  15 |  728.8 |
       Dungeon |  10385 |   9995 |    390 |   1724 |   6513 |  11 |  944.1 |
        Temple |    153 |    107 |     46 |      0 |     29 |   1 |  153.0 |
  Orcish Mines |    383 |    366 |     17 |     47 |    138 |   2 |  191.5 |
      Ice Cave |      9 |      9 |      0 |      0 |      0 |   1 |    9.0 |
               +--------+--------+--------+--------+--------+-----+--------+

Top non-repeatable levels by time:
     D:7: 1316 daAuts
     D:2: 1294 daAuts
     D:3: 1197 daAuts
     D:1: 1051 daAuts
     D:4: 973 daAuts
     D:5: 924 daAuts
     D:6: 879 daAuts
     D:9: 823 daAuts
    D:11: 765 daAuts
     D:8: 707 daAuts
    D:10: 452 daAuts
   Orc:1: 209 daAuts
   Orc:2: 174 daAuts
  Temple: 153 daAuts
   IceCv: 9 daAuts
